 Dungeon Crawl Stone Soup version 0.17-a0-1719-g1afd5a1 (webtiles) character file.

121 George the Slasher (level 4, -1/37 HPs)
             Began as a Minotaur Gladiator on Aug 28, 2015.
             Was an Initiate of Okawaru.
             Slain by a crocodile (11 damage)
             ... in a sewer.
             The game lasted 00:03:45 (2074 turns).

George the Slasher (Minotaur Gladiator)             Turns: 2074, Time: 00:03:46

Health: -1/37      AC:  8    Str: 20    XL:     4   Next: 77%
Magic:  4/4        EV:  8    Int:  5    God:    Okawaru [......]
Gold:   128        SH:  0    Dex: 11    Spells: 0 memorised, 3 levels left

rFire  . . .     SeeInvis .     a - +0 long sword
rCold  . . .     Clarity  .     q - +0 chain mail
rNeg   . . .     SustAt   .     (no shield)
rPois  .         Gourm    .     c - +0 hat
rElec  .         Spirit   .     (no cloak)
rCorr  .         Warding  .     (no gloves)
rMut   .         Stasis   .     (no boots)
MR     .....                    (no amulet)
Stlth  ..........               (no ring)
                                h - +5 ring of slaying

@: not resistant to hostile enchantments, extremely unstealthy
A: retaliatory headbutt, horns 2
a: Renounce Religion


You were in a sewer.
You worshipped Okawaru.
Okawaru was noncommittal.
You were hungry.

You visited 1 branch of the dungeon, and saw 3 of its levels.
You also visited: Sewer.

You collected 128 gold pieces.

Inventory:

Hand weapons
 a - a +0 long sword (weapon)
Missiles
 d - a throwing net (quivered)
Armour
 c - a +0 hat (worn)
 q - a +0 chain mail (worn)
Jewellery
 h - a +5 ring of slaying (left hand)
Scrolls
 r - a scroll of magic mapping
 u - a scroll of remove curse {unknown}
 w - a scroll of random uselessness {unknown}
Potions
 g - a potion of agility {unknown}
 i - a potion of degeneration {unknown}
 m - a potion of invisibility {unknown}
 o - a potion of cancellation {unknown}
 s - a potion of curing {unknown}
 t - 2 potions of heal wounds {unknown}
 v - a potion of haste {unknown}
Comestibles
 e - 2 bread rations
 l - 2 meat rations
 n - a slice of pizza


   Skills:
 - Level 2.4 Fighting
 + Level 5.7 Long Blades
 - Level 2.0 Throwing
 - Level 3.2 Dodging
 + Level 2.5 Invocations


You had 3 spell levels left.
You didn't know any spells.

Dungeon Overview and Level Annotations

Branches:
Dungeon (3/15)

Altars:
Okawaru
Xom


Innate Abilities, Weirdness & Mutations

You reflexively headbutt those who attack you in melee.
You have a pair of horns on your head.


Message History

You are too injured to fight recklessly!
You barely miss the crocodile.
The crocodile is heavily wounded.
The crocodile bites you!
* * * LOW HITPOINT WARNING * * *
The crocodile completely misses you.
Throwing (i - inventory):
d - 3 throwing nets (quivered)
Press: ? - help, Shift-Dir - straight line, f - crocodile
Aim: a crocodile (heavily wounded)
You throw a throwing net.
The throwing net closely misses the crocodile.
The crocodile closely misses you. You furiously retaliate!
You headbutt the crocodile.
Throwing (i - inventory):
d - 2 throwing nets (quivered)
Press: ? - help, Shift-Dir - straight line, f/p - crocodile
Aim: a crocodile (severely wounded)
You throw a throwing net.
The throwing net barely misses the crocodile.
The crocodile bites you!
You die...

##...## ##.## #.#
#.# ###### #.#
#.....# #.# $......
#.#
?$.....####.#######
?)(.....t@.........
$$.....############
$...... #.....#
######


You could see a crocodile.

Vanquished Creatures
  Ijyb (D:3)
  4 adders
  6 giant geckos
  10 bats
  8 giant cockroaches
  3 hobgoblins
  6 jackals (D:3)
  A quokka (D:3)
  A giant newt (D:1)
  5 goblins
  9 kobolds
  3 rats
57 creatures vanquished.

Notes
Turn   | Place    | Note
--------------------------------------------------------------
     0 | D:1      | George the Minotaur Gladiator began the quest for the Orb.
     0 | D:1      | Reached XP level 1. HP: 18/18 MP: 0/0
   270 | D:1      | Reached skill level 4 in Long Blades
   447 | D:1      | Reached XP level 2. HP: 23/25 MP: 1/1
  1066 | D:2      | Found a shimmering altar of Xom.
  1151 | D:2      | Found an iron altar of Okawaru.
  1157 | D:2      | Became a worshipper of Warmaster Okawaru
  1217 | D:2      | Reached skill level 5 in Long Blades
  1217 | D:2      | Reached XP level 3. HP: 24/30 MP: 2/2
  1481 | D:2      | Reached skill level 1 in Invocations
  1650 | D:3      | Noticed Ijyb
  1661 | D:3      | Killed Ijyb
  1661 | D:3      | Reached XP level 4. HP: 30/37 MP: 2/4
  1798 | D:3      | Found a glowing drain.
  1809 | Sewer    | Entered a sewer
  2065 | Sewer    | Noticed a crocodile
  2074 | Sewer    | Slain by a crocodile

Vault maps used:
D:1:      dpeg_arrival_round_c, grunt_decor_arrowhead
D:2:      lemuel_crystal_altar, xom_teletrap_fun, corexii_shack
D:3:      nicolae_overflow_crystal_walls, first_bread, gup_sewer_entry_pipe,
          st_stairs_1, uniq_iyjb
Sewer:    sewer_big_baddie

Action                   |  1- 3 |  4- 6 || total
-------------------------+-------+-------++-------
Melee: Long sword        |    53 |    45 ||    98
Throw: Throwing net      |       |     2 ||     2
  Use: Scroll            |     4 |       ||     4
  Eat: Chunk             |     1 |     2 ||     3
